 Dungeon Crawl Stone Soup version 0.31-a0-236-g9a0961fb85 (webtiles) character file.

Game seed: 9268490825032418769

15061 Anon1729 the Fighter (level 11, -5/90 HPs)
             Began as a Minotaur Monk on July 10, 2023.
             Was a High Priest of Hepliaklqana.
             Hit by a large rock thrown by a cyclops (27 damage)
             ... on level 15 of the Dungeon.
             The game lasted 00:07:31 (10775 turns).

Anon1729 the Fighter (Minotaur Monk)               Turns: 10775, Time: 00:07:32

Health: -5/90      AC: 10    Str: 17    XL:     11   Next: 96%
Magic:  15/15      EV: 18    Int:  7    God:    Hepliaklqana [*****.]
Gold:   934        SH:  0    Dex: 19    Spells: 10/10 levels left

rFire   . . .        i - +2 demon whip (elec)
rCold   + . .        d - orb {light}
rNeg    . . .        J - +0 steam dragon scales
rPois   +            (helmet restricted)
rElec   .            F - scarf {repulsion}
rCorr   .            q - +0 pair of gloves
SInv    .            h - +0 pair of boots
Will    .....        (no amulet)
Stlth   ++           o - ring of protection from cold
HPRegen 0.35/turn    H - ring of Hedonism {rPois Dex+3}
MPRegen 0.14/turn

%: repel missiles
@: glowing
A: reduced essence, horns 2, retaliatory headbutt
a: Renounce Religion, Recall Ancestor, Ancestor Identity, Transference, Idealise


You were on level 15 of the Dungeon.
You worshipped Hepliaklqana.
Hepliaklqana was extremely pleased with you.
You visited 1 branch of the dungeon, and saw 14 of its levels.
You also visited: Sewer.

You collected 934 gold pieces.

Inventory:

Hand Weapons
 a - a +0 short sword
 i - a +2 demon whip of electrocution (weapon)
Missiles
 j - 4 boomerangs of dispersal
 O - a throwing net
Armour
 b - a +0 robe
 d - an orb of light (worn)
 h - a +0 pair of boots (worn)
 q - a +0 pair of gloves (worn)
 y - the +2 robe of Fydirur {Int+3}
   (You found it on level 5 of the Dungeon)

   Int:       It affects your intelligence (+3).
 F - a scarf of repulsion (worn)
 J - +0 steam dragon scales (worn)
Jewellery
 o - a ring of protection from cold (left hand)
 p - an amulet of guardian spirit
 B - a ring of wizardry
 H - the ring of Hedonism (right hand) {rPois Dex+3}
   (You found it on level 8 of the Dungeon)

   [ring of poison resistance]

   Dex:       It affects your dexterity (+3).
   rPois:     It protects you from poison.
 I - a ring of wizardry
 N - a ring of protection from fire
Wands
 k - a wand of quicksilver (12)
 r - a wand of digging (5)
 t - a wand of iceblast (8)
 C - a wand of polymorph (8)
Scrolls
 e - 4 scrolls of enchant armour
 g - 5 scrolls of vulnerability
 l - 4 scrolls of revelation
 n - 3 scrolls of amnesia
 s - 8 scrolls of noise
 w - 2 scrolls of fear
 A - 2 scrolls of poison
 D - a scroll of teleportation
 E - a scroll of immolation {unknown}
 L - a scroll of fog {unknown}
 P - 3 scrolls of blinking
 Q - a scroll of torment {unknown}
Potions
 c - 2 potions of ambrosia
 f - 6 potions of enlightenment
 m - 5 potions of curing
 u - 2 potions of mutation
 v - 2 potions of heal wounds
 x - 2 potions of haste {unknown}
 z - 2 potions of berserk rage {unknown}
 G - 2 potions of invisibility {unknown}
 K - a potion of attraction {unknown}
 M - a potion of brilliance {unknown}


   Skills:
 + Level 10.4 Fighting
 - Level 3.6 Short Blades
 + Level 9.5 Maces & Flails
 + Level 9.6 Armour
 + Level 9.5 Dodging
 + Level 7.1 Stealth
 + Level 7.7 Invocations


You had 10 spell levels left.
You didn't know any spells.
Your spell library contained the following spells:

 Spells                   Type           Power      Damage    Failure   Level
 Poisonous Vapours        Pois/Air       0%         N/A       56%         2
 Scorch                   Fire           0%         2d5       56%         2
 Sublimation of Blood     Necr           0%         N/A       56%         2
 Mephitic Cloud           Conj/Pois/Air  0%         N/A       80%         3
 Flame Wave               Conj/Fire      0%         2d4       99%         4
 Petrify                  Tmut/Erth      0%         N/A       99%         4
 Freezing Cloud           Conj/Ice/Air   0%         6-21      100%        5
 Irradiate                Conj/Tmut      0%         3d11      100%        5
 Summon Cactus Giant      Summ           0%         N/A       100%        6


Dungeon Overview and Level Annotations

Branches:
Dungeon (15/15)            Temple (0/1) D:5            Lair (0/5) D:9
 Depths (0/4) D:15          Sewer (visited)
    Orc: D:9-12      Vaults: D:13-14

Altars:
Ashenzari
Fedhas
Gozag
Hepliaklqana
Kikubaaqudgha
Nemelex Xobeh
Okawaru
Qazlal
Xom
Yredelemnul

Shops:
D:10 (   D:12 [

Portals:
Gauntlet: D:15

Annotations:
D:11 2 transporters, Plog's ghost, journeyman HuAr


Innate Abilities, Weirdness & Mutations

Your life essence is reduced to manifest your ancestor. (-10% HP)
You have a pair of horns on your head.
You reflexively headbutt those who attack you in melee.


Message History

* * * LOW HITPOINT WARNING * * *
You are splashed with acid!
* * * LOW HITPOINT WARNING * * *
The manticore flicks its tail.
The volley of spikes misses you.
You hear a shout!
You feel much better.
A centaur comes into view. It is wielding a +0 orcbow.
The brown ugly thing claws you.
You are splashed with acid!
The manticore flicks its tail.
The volley of spikes hits you.
The barbed spikes become lodged in your body.
Okay, then.
As you read the scroll of revelation, it crumbles to dust.
You feel aware of your surroundings.
You sensed 1 shop/portal.
The centaur shoots an arrow.
The arrow completely misses you.
The arrow hits the brown ugly thing!
The brown ugly thing completely misses you.
Found a scroll of identify.
You whack the brown ugly thing!
The brown ugly thing is heavily wounded.
Your surroundings seem slightly different.
Found a quarterstaff.
The barbs in your skin will harm you if you move.
Continue?
The barbed spikes dig painfully into your body as you move.
* * * LOW HITPOINT WARNING * * *
The barbed spikes dig painfully into your body as you move.
* * * LOW HITPOINT WARNING * * *
The barbed spikes dig painfully into your body as you move.
* * * LOW HITPOINT WARNING * * *
You start resting.
You carefully extract the barbed spikes from your body.
Found a stone staircase leading up.
A cyclops comes into view.
Found a gate leading to a gauntlet. 3 cyan ugly things come into view.
You are no longer corroded.
The cyclops shouts!
The cyclops throws a large rock.
The large rock hits you!!
You die...

*,,**,#.* ######...#...#
*******.##.#.#####....#####..
*,,,,.,......................
*,,,,..##..*#.##...#########.
*,,,,.u.u..##.##..)##########
*,,,,...#..........# *******
*,,,,,.u.........<.# **,,,,,,
*,,,,,,,##..∩..#...# *,,*****
*,,,,,,,*#..@..#...#**,**
*,,,,,,,*#####..C...#*,*
*,,,,,,,* ###.....#,*
*******,*******###.....*
*<,**,,,,,,,,.....*
*,,,,,*******##...* *,,****
***,** *,,* *,,***** ****
*,,,,,,,


You could see 3 ugly things and a cyclops.

Vanquished Creatures
  A two-headed ogre (D:9)
  A boulder beetle (D:15)
  2 manticores
  A cyclops (D:14)
  4 ugly things
  An unseen horror (D:11)
  5 slime creatures
  A shadow (D:11)
  4 yaks
  A steam dragon (D:8)
  2 ynoxinuls (D:9)
  A warg (D:9)
  An acid dragon (D:10)
  2 water moccasins (D:6)
  3 orc warriors
  An ice beast (D:7)
  An ogre (D:5)
  A phantom (D:5)
  2 centaurs
  3 kobold brigands
  2 bullfrogs
  2 gnoll sergeants
  4 scorpions (D:5)
  6 killer bees
  3 howler monkeys
  2 orc priests
  5 jellies
  2 hounds
  2 iguanas (D:6)
  6 orc wizards
  13 gnolls
  9 adders
  A river rat (Sewer)
  7 ufetubi (D:9)
  3 worms
  3 dart slugs
  15 orcs
  3 ball pythons
  9 bats
  20 endoplasms
  4 goblins
  7 hobgoblins
  3 jackals (Sewer)
  3 quokkas
  A training dummy (D:10)
  A frilled lizard (D:1)
  12 kobolds
  10 rats
196 creatures vanquished.

Vanquished Creatures (collateral kills)
  Erolcha (D:12)
  A two-headed ogre (D:9)
  A centaur warrior (D:14)
  A wizard (D:14)
  An ugly thing (D:14)
  A cyclops (D:11)
  3 kobold demonologists (D:10)
  A tengu conjurer (D:14)
  A wyvern (D:10)
  4 yaks
  A ynoxinul (D:9)
  A warg (D:9)
  A phantom (D:5)
  A kobold brigand (D:6)
  6 killer bees
  A howler monkey (D:9)
  An electric eel (D:9)
  3 jellies (D:6)
  An orc priest (D:9)
  An iguana (D:5)
  3 orc wizards
  2 adders
  A gnoll (D:7)
  A white imp (D:7)
  5 ufetubi (D:9)
  2 worms
  11 orcs
  2 ball pythons (Sewer)
  7 endoplasms
  7 giant cockroaches (Sewer)
  A jackal (Sewer)
  2 training dummies (D:10)
  2 bats (Sewer)
  8 kobolds
86 creatures vanquished.

Vanquished Creatures (others)
  4 battlemagi
4 creatures vanquished.

Grand Total: 286 creatures vanquished

Notes
Turn   | Place    | Note
-------+----------+-------------------------------------------
     0 | D:1      | Anon1729 the Minotaur Monk began the quest for the Orb.
     0 | D:1      | Reached XP level 1. HP: 19/19 MP: 0/0
   146 | D:1      | Reached XP level 2. HP: 25/27 MP: 1/1
   169 | D:1      | Noticed an eye of devastation
   171 | D:1      | Found a faded altar of an unknown god.
   172 | D:1      | Noticed a shining eye
   172 | D:1      | Noticed a floating eye
   172 | D:1      | Noticed a golden eye
   267 | D:1      | Reached skill level 1 in Armour
   328 | D:1      | Reached XP level 3. HP: 27/33 MP: 2/2
   684 | D:2      | Found an opulent altar of Gozag.
   707 | D:2      | Reached skill level 4 in Fighting
   707 | D:2      | Reached skill level 1 in Stealth
   707 | D:2      | Reached skill level 1 in Invocations
   710 | D:2      | Reached XP level 4. HP: 40/40 MP: 3/3
   724 | D:2      | Reached skill level 1 in Maces & Flails
  1124 | D:3      | Reached XP level 5. HP: 35/46 MP: 5/5
  1178 | D:3      | Found a shimmering altar of Xom.
  1457 | D:3      | Found a basalt altar of Yredelemnul.
  2029 | D:4      | Found a hazy altar of Hepliaklqana.
  2419 | D:4      | Became a worshipper of Hepliaklqana the Forgotten
  2419 | D:4      | Reached * piety under Hepliaklqana
  2419 | D:4      | Reached ** piety under Hepliaklqana
  2420 | D:4      | Remembered your ancestor Amenemopet as a battlemage
  2432 | D:5      | Entered Level 5 of the Dungeon
  2442 | D:5      | Reached XP level 6. HP: 44/47 MP: 6/6
  2537 | D:5      | Reached skill level 5 in Fighting
  2635 | D:5      | Found a sparkling altar of Nemelex Xobeh.
  2666 | D:5      | Reached XP level 7. HP: 54/54 MP: 7/7
  2784 | D:5      | Identified the +2 robe of Fydirur {Int+3}
  3215 | D:5      | Reached skill level 5 in Dodging
  3233 | D:5      | Found a staircase to the Ecumenical Temple.
  3325 | D:5      | Found a stormy altar of Qazlal.
  3397 | D:5      | Found a broken altar of Ashenzari.
  3400 | D:5      | Found an opulent altar of Gozag.
  3493 | D:6      | Reached XP level 8. HP: 63/63 MP: 9/9
  3608 | D:6      | Reached skill level 6 in Fighting
  3644 | D:6      | Found an iron altar of Okawaru.
  3763 | D:6      | Found an ancient bone altar of Kikubaaqudgha.
  4014 | D:6      | Reached *** piety under Hepliaklqana
  4015 | D:6      | Found a glowing drain.
  4040 | Sewer    | Entered a sewer
  4739 | D:6      | Noticed a slime creature
  4749 | D:6      | Killed a slime creature
  4750 | D:6      | Reached skill level 5 in Maces & Flails
  4750 | D:6      | Reached skill level 5 in Armour
  5107 | D:7      | Reached XP level 9. HP: 70/70 MP: 11/11
  5672 | D:7      | Noticed a two-headed ogre
  5896 | D:8      | Identified the ring of Hedonism {rPois Dex+3}
  6112 | D:8      | Reached skill level 7 in Fighting
  6326 | D:8      | Reached **** piety under Hepliaklqana
  6905 | D:9      | Noticed a two-headed ogre
  6912 | D:9      | Killed a two-headed ogre
  6913 | D:9      | Reached skill level 5 in Invocations
  6990 | D:9      | Noticed a two-headed ogre
  6998 | D:9      | Killed a two-headed ogre
  6999 | D:9      | Reached skill level 5 in Stealth
  7217 | D:9      | Reached skill level 8 in Fighting
  7221 | D:9      | Reached XP level 10. HP: 76/79 MP: 13/13
  7261 | D:9      | Found a staircase to the Lair.
  7860 | D:10     | Entered Level 10 of the Dungeon
  7908 | D:10     | Noticed a smoke demon
  8374 | D:10     | Found a blossoming altar of Fedhas.
  8669 | D:10     | Reached skill level 9 in Fighting
  8857 | D:10     | Found Domuxif's Firing Range.
  9331 | D:11     | Noticed Plog's ghost (journeyman HuAr)
  9353 | D:11     | Noticed a purple ugly thing
  9361 | D:11     | Killed a purple ugly thing
  9479 | D:11     | Found a transporter.
  9505 | D:11     | Reached ***** piety under Hepliaklqana
  9506 | D:11     | Found a transporter.
  9523 | D:11     | Reached XP level 11. HP: 82/87 MP: 13/15
  9538 | D:11     | Noticed a cyan ugly thing
  9547 | D:11     | Killed a cyan ugly thing
  9750 | D:11     | Identified the +8 rapier of Demonic Courage {heavy, *Rage
                  | Will+ Int+2}
 10164 | D:12     | Found Dakia's Armour Boutique.
 10233 | D:12     | Noticed Erolcha
 10241 | D:12     | Killed Erolcha
 10256 | D:12     | Noticed a white ugly thing
 10261 | D:12     | Killed a white ugly thing
 10357 | D:12     | Found a stormy altar of Qazlal.
 10359 | D:12     | You fall into a shaft and drop 2 floors!
 10375 | D:14     | Reached skill level 10 in Fighting
 10512 | D:14     | Noticed a wizard
 10519 | D:14     | Killed a wizard
 10626 | D:14     | Noticed a centaur warrior
 10629 | D:14     | Noticed a brown ugly thing
 10633 | D:14     | Noticed a brown ugly thing
 10635 | D:14     | Noticed a brown ugly thing
 10635 | D:14     | Noticed a brown ugly thing
 10635 | D:14     | Killed a centaur warrior
 10636 | D:14     | Noticed a brown ugly thing
 10637 | D:14     | Noticed a brown ugly thing
 10639 | D:14     | Killed a brown ugly thing
 10673 | D:15     | Entered Level 15 of the Dungeon
 10673 | D:15     | Noticed a boulder beetle
 10676 | D:15     | HP: 2/90 [boulder beetle (22)]
 10701 | D:15     | Killed a boulder beetle
 10704 | D:15     | Noticed an orc knight
 10733 | D:15     | Noticed a centaur warrior
 10741 | D:15     | Noticed a brown ugly thing
 10741 | D:15     | Noticed a brown ugly thing
 10742 | D:15     | Noticed a brown ugly thing
 10744 | D:15     | Noticed a brown ugly thing
 10744 | D:15     | Noticed a brown ugly thing
 10744 | D:15     | Noticed a brown ugly thing
 10752 | D:15     | Killed a brown ugly thing
 10768 | D:15     | Found a gate leading to a gauntlet.
 10774 | D:15     | Noticed a cyan ugly thing
 10774 | D:15     | Noticed a cyan ugly thing
 10774 | D:15     | Noticed a cyan ugly thing
 10775 | D:15     | Hit by a large rock thrown by a cyclops

Illustrated notes

Levels and vault maps discovered:
D:1:      dpeg_arrival_ratfight, layout_rooms,
          hellmonk_ecumenical_altar_watching_god
D:2:      layout_rooms, basic_altar
D:3:      layout_rooms, mainiacjoe_overflow_paths, mainiacjoe_overflow_alcove_4,
          serial_bayou_lagoon_a, kennysheep_generic_room_11
D:4:      layout_gridville, mainiacjoe_overflow_six_doors_small
D:5:      minmay_spotlight, layout_loops_ring,
          nemelex_xobeh_ov_fountains_minmay, minmay_overflow_temple_star_quad,
          temple_fountains
D:6:      lemuel_slime, layout_basic, amcnicky_altar_gilded,
          kiku_gazebo_pond_becter, cheibrodos_sewer_entry_bend
D:7:      layout_basic, kennysheep_big_empty_room
D:8:      layout_loops_corners, serial_rivers, chequers_serial_rivers_micro_b,
          chequers_serial_rivers_large_a, chequers_serial_rivers_micro_e,
          chequers_serial_rivers_marsh, chequers_serial_rivers_micro_a,
          chequers_serial_rivers_micro_b
D:9:      layout_gridville, erik_lair_orcish_takeover, serial_glass,
          glass_columns_a, glass_columns_a, nicolae_fort_ynox
D:10:     layout_basic, lemuel_crystal_altar, nicolae_shop_firing_range
D:11:     layout_irregular_city, gammafunk_ghost_stat_death
D:12:     layout_grid_maze, orc_0_dummy, serial_shops, nicolae_square_shop,
          nicolae_qazlal_style_of_elements, uniq_erolcha
D:14:     layout_small_grid, kennysheep_crisscross, lightli_fourway_metalbox,
          uniq_kirke, uniq_rupert
D:15:     grunt_enter_depths_magical_seal, layout_rooms, grunt_decor_one_mirror,
          gauntlet_entry_generic

Skill      XL: |  1  2  3  4  5  6  7  8  9 10 11 |
---------------+----------------------------------+-----
Armour         | 1 2 3 4 5 7 8 9 |  9.6
Fighting       | 4 5 6 8 9 10 | 10.4
Stealth        | 1 2 3 4 5 6 7 |  7.1
Invocations    | 1 2 3 4 5 6 7 |  7.7
Maces & Flails | 1 2 3 4 5 6 8 9 |  9.5
Dodging        | 4 5 6 7 8 9 |  9.5
Short Blades   | |  3.6

Action                     |  1- 3 |  4- 6 |  7- 9 | 10-12 || total
---------------------------+-------+-------+-------+-------++-------
  Melee: Short sword       |    46 |       |       |       ||    46
         Headbutt          |    11 |     5 |    29 |    85 ||   130
         Demon whip        |    10 |    66 |   133 |   253 ||   462
 Invoke: Ancestor Life: Ba |       |     1 |       |       ||     1
         Recall Ancestor   |       |       |     1 |     2 ||     3
  Evoke: Wand              |       |       |       |     4 ||     4
    Use: Scroll            |       |       |     4 |    13 ||    17
         Potion            |       |       |     1 |     5 ||     6
   Stab: Sleeping          |       |     2 |     1 |       ||     3
         Distracted        |       |       |     2 |     4 ||     6
 Armour: Robe              |    10 |    15 |    20 |       ||    45
         Steam dragon scal |       |       |     5 |    58 ||    63
  Dodge: Dodged            |    30 |    47 |   115 |   247 ||   439
         Repelled          |       |       |       |     3 ||     3

Table legend: (Time is in decaauts)
 A = Elapsed time spent in this place.
 B = Non-inter-level travel time spent in this place.
 C = Inter-level travel time spent in this place.
 D = Time resting spent in this place.
 E = Time spent auto-exploring this place.
 F = Levels seen in this place.
 G = Mean time per level.
                   A        B        C        D        E       F      G
               +--------+--------+--------+--------+--------+-----+--------+
         Total |  10876 |  10477 |    399 |    499 |   8451 |  15 |  725.1 |
       Dungeon |  10104 |   9705 |    399 |    499 |   7922 |  14 |  721.7 |
         Sewer |    771 |    771 |      0 |      0 |    528 |   1 |  771.0 |
               +--------+--------+--------+--------+--------+-----+--------+

Top non-repeatable levels by time:
    D:10: 1280 daAuts
     D:8: 1155 daAuts
     D:5: 1112 daAuts
     D:9: 1019 daAuts
    D:11: 979 daAuts
     D:6: 928 daAuts
   Sewer: 771 daAuts
     D:4: 674 daAuts
     D:3: 660 daAuts
     D:1: 631 daAuts
     D:7: 610 daAuts
     D:2: 461 daAuts
    D:14: 305 daAuts
    D:12: 192 daAuts
    D:15: 93 daAuts
